 Dungeon Crawl Stone Soup version 0.25-a0-424-g80bd347 (webtiles) character file.

Game seed: 13475293426461336195, levelgen mode: deterministic

6911 BlueFish the Carver (level 10, -6/92 HPs)
             Began as a Minotaur Fighter on Jan 20, 2020.
             Killed from afar by an electric eel (9 damage)
             ... with a bolt of electricity
             ... on level 7 of the Dungeon.
             The game lasted 00:17:49 (7514 turns).

BlueFish the Carver (Minotaur Fighter)              Turns: 7514, Time: 00:17:50

Health: -6/92      AC: 10    Str: 21    XL:     10   Next: 79%
Magic:  9/9        EV:  7    Int:  5    God:
Gold:   315        SH: 12    Dex: 13    Spells: 9/9 levels left

rFire    . . .     SeeInvis .   a - +1 long sword
rCold    . . .     Gourm    .   c - +1 shield
rNeg     . . .     Faith    .   j - +0 chain mail
rPois    .         Spirit   .   (helmet restricted)
rElec    .         Reflect  .   n - scarf {cloud immunity}
rCorr    .         Harm     .   (no gloves)
MR       .....                  (no boots)
Stlth    ..........             (no amulet)
HPRegen  0.25/turn              (no ring)
MPRegen  0.11/turn              (no ring)

@: no status effects
A: retaliatory headbutt, horns 2
a: no special abilities


You were on level 7 of the Dungeon.
You were not hungry.

You visited 1 branch of the dungeon, and saw 7 of its levels.
You also visited: Ossuary and Bailey.

You collected 315 gold pieces.

Inventory:

Hand Weapons
 a - a +1 long sword (weapon)
 o - a +0 dagger of protection
 t - a +2 whip of freezing
 v - a +2 vampiric rapier
Armour
 c - a +1 shield (worn)
 e - a +0 leather armour of fire resistance
 j - a +0 chain mail (worn)
 k - a +1 pair of gloves
 n - a scarf of cloud immunity (worn)
Wands
 g - a wand of clouds (3)
 p - a wand of acid (16)
 r - a wand of iceblast (8)
Scrolls
 b - 5 scrolls of remove curse
 s - 3 scrolls of enchant armour
 u - a scroll of fog {unknown}
 w - 3 scrolls of enchant weapon
 x - a scroll of teleportation
Potions
 d - 2 potions of degeneration {unknown}
 h - 3 potions of curing
 i - 3 potions of mutation
 l - a potion of haste
 m - a potion of agility {unknown}
 q - 2 potions of brilliance
Comestibles
 f - 20 rations
 z - 6 chunks of flesh


   Skills:
 * Level 9.7 Fighting
 * Level 14.3 Long Blades
 + Level 7.8 Armour
 + Level 1.9 Dodging
 + Level 0.5 Stealth
 + Level 7.1 Shields


You had 9 spell levels left.
You didn't know any spells.
Your spell library contained the following spells:

 Spells                   Type           Power        Failure   Level  Hunger
 Magic Dart               Conj           #...         100%        1    ##.....
 Blink                    Tloc           N/A          100%        2    ###....
 Call Imp                 Summ           #.......     100%        2    ###....
 Slow                     Hex            #.......     100%        2    ###....
 Confusing Touch          Hex            #.......     100%        3    ####...
 Conjure Flame            Conj/Fire      #.......     100%        3    ####...
 Gell's Gravitas          Tloc           #.........   100%        3    ####...
 Mephitic Cloud           Conj/Pois/Air  #.......     100%        3    ####...
 Leda's Liquefaction      Hex/Erth       #.........   100%        4    #####..
 Petrify                  Tmut/Erth      #.......     100%        4    #####..
 Bolt of Magma            Conj/Fire/Erth #.........   100%        5    ######.
 Metabolic Englaciation   Hex/Ice        #.........   100%        5    ######.
 Yara's Violent Unravell  Hex/Tmut       #.........   100%        5    ######.
 Iron Shot                Conj/Erth      #.........   100%        6    #######
 Statue Form              Tmut/Erth      #........    100%        6    #######
 Shatter                  Erth           #.........   100%        9    #######


Dungeon Overview and Level Annotations

Branches:
Dungeon (7/15)            Ossuary (visited)          Bailey (visited)
 Temple: D:4-7

Altars:
Nemelex Xobeh
Ru
Uskayaw
Xom

Shops:
D:5 [

Annotations:
D:6 Eustachio, Menkaure, Sigmund


Innate Abilities, Weirdness & Mutations

You reflexively headbutt those who attack you in melee.
You have a pair of horns on your head.


Message History

The bolt of electricity hits you!
The electric eel shoots out a bolt of lightning at you!
The bolt of electricity hits you.
The electric eel shoots out a bolt of lightning at you!
The bolt of electricity hits you!
The electric eel shoots out a bolt of lightning at you!
The bolt of electricity hits you!
* * * LOW HITPOINT WARNING * * *
Found a long sword.
The electric eel shoots out a bolt of lightning at you!
The bolt of electricity hits you!
* * * LOW HITPOINT WARNING * * *
The electric eel shoots out a bolt of lightning at you!
The bolt of electricity hits you!
* * * LOW HITPOINT WARNING * * *
Okay, then.
Okay, then.
The electric eel shoots out a bolt of lightning at you!
The bolt of electricity hits you!
You die...

≈#....#....#..# ♣≈;P;≈.≈≈
≈#....#....#..# ).........
≈.....#....'..#####.........
≈.##..#....####.......≈≈.≈≈≈
≈.##..#..............♣;≈≈≈≈P
##....'...............♣P≈≈≈
......#................♣♣♣
......#..................♣♣
......#.........@.........#
#######...................#
.........##################
.........# .........# ###########
........[# #....8....# .........#
#.........#
.........###########.8.....8.##
#+##..........................###


You could see an electric eel.

Vanquished Creatures
  A deep elf archer (Bailey)
  9 deep elf magi (Bailey)
  A hungry ghost (D:7)
  Edmund (D:6)
  2 orc warriors
  2 ice beasts
  A necrophage (D:5)
  5 ogres
  2 centaurs
  A bullfrog (D:6)
  A gnoll sergeant (D:7)
  3 scorpions
  5 killer bees (D:7)
  2 howler monkeys
  2 crimson imps (D:7)
  A centaur skeleton (D:4)
  4 hounds
  3 jellies
  An orc priest (D:4)
  Crazy Yiuf (D:2)
  2 bullfrog skeletons
  Ijyb (D:3)
  An orc wizard (D:4)
  4 worker ants
  4 mummies (Ossuary)
  9 gnolls
  13 adders
  10 oozes
  An adder skeleton (D:5)
  A worm (D:2)
  2 dart slugs
  4 leopard geckos (D:4)
  7 orcs
  3 bats
  3 giant cockroaches
  8 goblins
  5 hobgoblins
  3 jackals (D:2)
  18 kobolds
  3 quokkas
  A ball python (D:1)
  A ball python skeleton (D:4)
  4 frilled lizards
  2 gnoll skeletons (Ossuary)
  4 gnoll zombies (Ossuary)
  2 goblin skeletons (Ossuary)
  3 goblin zombies (Ossuary)
  2 hobgoblin skeletons (Ossuary)
  3 hobgoblin zombies (Ossuary)
  A jackal skeleton (D:5)
  8 kobold skeletons (Ossuary)
  6 kobold zombies (Ossuary)
  A leopard gecko skeleton (D:4)
  3 orc skeletons (Ossuary)
  5 orc zombies (Ossuary)
  7 rats
  5 rat skeletons (Ossuary)
  4 rat zombies (Ossuary)
212 creatures vanquished.

Vanquished Creatures (others)
  A bullfrog skeleton (D:5)
  2 hobgoblin skeletons (Ossuary)
  A jackal zombie (D:5)
  An orc skeleton (Ossuary)
  3 fungi (D:2)
  5 plants (D:7)
  3 toadstools (D:2)
16 creatures vanquished.

Grand Total: 228 creatures vanquished

Notes
Turn   | Place    | Note
-------+----------+-------------------------------------------
     0 | D:1      | BlueFish the Minotaur Fighter began the quest for the Orb.
     0 | D:1      | Reached XP level 1. HP: 19/19 MP: 0/0
    98 | D:1      | Reached XP level 2. HP: 21/27 MP: 1/1
   618 | D:2      | Reached XP level 3. HP: 34/34 MP: 2/2
   804 | D:2      | Reached skill level 3 in Long Blades
  1082 | D:2      | Reached XP level 4. HP: 40/41 MP: 3/3
  1194 | D:2      | Found a shimmering altar of Xom.
  1196 | D:2      | Found a shimmering altar of Xom.
  1196 | D:2      | Found a shimmering altar of Xom.
  1198 | D:2      | Found a shimmering blue altar of Sif Muna.
  1198 | D:2      | Found a hide-covered altar of Uskayaw.
  1198 | D:2      | Found a blossoming altar of Fedhas.
  1397 | D:2      | Found a runed translucent door.
  1399 | D:2      | Noticed Crazy Yiuf
  1405 | D:2      | Killed Crazy Yiuf
  1497 | D:2      | Reached skill level 4 in Long Blades
  1503 | D:2      | Reached XP level 5. HP: 47/47 MP: 4/4
  1514 | D:2      | Reached skill level 5 in Long Blades
  1882 | D:3      | Noticed an orc warrior
  1890 | D:3      | HP: 2/70 [orc warrior/+0 trident (19)]
  1891 | D:3      | Killed an orc warrior
  1891 | D:3      | Reached skill level 5 in Fighting
  1891 | D:3      | Reached XP level 6. HP: 3/56 MP: 5/5
  1904 | D:3      | Reached skill level 6 in Long Blades
  2213 | D:3      | Noticed Ijyb
  2227 | D:3      | Killed Ijyb
  2227 | D:3      | Reached skill level 5 in Armour
  3248 | D:4      | Reached XP level 7. HP: 21/61 MP: 6/6
  3249 | D:4      | Reached skill level 7 in Long Blades
  4037 | D:4      | Reached skill level 8 in Long Blades
  4515 | D:5      | Entered Level 5 of the Dungeon
  4515 | D:5      | Found a hide-covered altar of Uskayaw.
  4723 | D:5      | Reached XP level 8. HP: 68/70 MP: 7/7
  5063 | D:4      | Reached skill level 9 in Long Blades
  5120 | D:5      | Found a sacrificial altar of Ru.
  5125 | D:5      | Reached skill level 5 in Shields
  5229 | D:5      | Found Itivveal's Antique Armour Boutique.
  5458 | D:6      | Found a sand-covered staircase.
  5467 | Ossuary  | Entered an ossuary
  5840 | D:6      | Reached skill level 10 in Long Blades
  5856 | D:6      | Noticed Edmund
  5857 | D:6      | Reached skill level 1 in Dodging
  5875 | D:6      | Killed Edmund
  5875 | D:6      | Reached XP level 9. HP: 66/79 MP: 8/8
  5888 | D:6      | Noticed Eustachio
  5900 | D:6      | Noticed Menkaure
  5905 | D:6      | Noticed Sigmund
  5911 | D:7      | Found a flagged portal.
  5920 | D:7      | Reached skill level 11 in Long Blades
  5928 | Bailey   | Entered a bailey
  6106 | Bailey   | Noticed a deep elf mage
  6118 | Bailey   | Killed a deep elf mage
  6128 | Bailey   | Noticed a deep elf mage
  6129 | Bailey   | Noticed a deep elf mage
  6129 | Bailey   | Noticed a deep elf mage
  6129 | Bailey   | Noticed a deep elf mage
  6129 | Bailey   | Noticed a deep elf mage
  6129 | Bailey   | Noticed a deep elf mage
  6130 | Bailey   | Noticed a soul eater
  6145 | Bailey   | Killed a deep elf mage
  6149 | Bailey   | Killed a deep elf mage
  6149 | Bailey   | Reached skill level 12 in Long Blades
  6155 | Bailey   | Killed a deep elf mage
  6163 | Bailey   | Killed a deep elf mage
  6163 | Bailey   | Reached XP level 10. HP: 18/90 MP: 9/9
  6166 | Bailey   | Killed a deep elf mage
  6166 | Bailey   | Reached skill level 13 in Long Blades
  6168 | Bailey   | Killed a deep elf mage
  6464 | Bailey   | Noticed a deep elf mage
  6464 | Bailey   | Noticed a deep elf mage
  6470 | Bailey   | Killed a deep elf mage
  6484 | Bailey   | Killed a deep elf mage
  6513 | Bailey   | Noticed a deep elf archer
  6540 | Bailey   | Killed a deep elf archer
  6540 | Bailey   | Reached skill level 14 in Long Blades
  6770 | D:7      | Paralysed by fainting for 12 turns
  7190 | D:7      | Found a sparkling altar of Nemelex Xobeh.
  7511 | D:7      | HP: 2/92 [electric eel/bolt of electricity (9)]
  7514 | D:7      | Killed from afar by an electric eel

Levels and vault maps discovered:
D:1:      denvon_arrival_planthouse, layout_rooms, minmay_misc_feat_chi,
          minmay_bisected
D:2:      cheibrodos_fertilizer, layout_basic, first_ration,
          doesnt_xom_only_xom, uniq_crazy_yiuf_cottage
D:3:      layout_loops_cross, uniq_ijyb
D:4:      layout_basic, kennysheep_boxes
D:5:      layout_rooms, overflow_temple_1_default,
          eat_drink_and_be_merry_uskayaw, minmay_shop_grid_forest
D:6:      layout_cave_pools, minmay_temple_entry_tees,
          nicolae_ossuary_entry_ruins, serial_bayou_lagoon_a, uniq_sigmund,
          uniq_edmund, uniq_prince_ribbit1, uniq_eustachio, uniq_menkaure
D:7:      layout_gridville, enter_bailey_6, serial_rivers,
          chequers_serial_rivers_micro_d, chequers_serial_rivers_micro_b,
          chequers_serial_rivers_micro_c, chequers_serial_rivers_micro_c,
          chequers_serial_rivers_micro_d, chequers_serial_rivers_micro_d,
          serial_bayou_ford_a, grunt_ogre_cave,
          nemelex_xobeh_ov_fountains_minmay

Skill      XL: |  1  2  3  4  5  6  7  8  9 10 |
---------------+-------------------------------+-----
Fighting       | 4 5 7 8 9 |  9.7
Shields        | 4 5 6 7 |  7.1
Armour         | 4 5 6 7 |  7.8
Long Blades    | 3 4 5 6 8 10 12 14 | 14.3
Dodging        | 1 |  1.9
Stealth        | |  0.5

Action                   |  1- 3 |  4- 6 |  7- 9 | 10-12 || total
-------------------------+-------+-------+-------+-------++-------
Melee: Long sword        |    79 |   142 |   301 |   145 ||   667
       Headbutt          |    19 |    29 |    70 |    23 ||   141
  Use: Scroll            |     4 |     2 |     5 |     1 ||    12
       Potion            |       |     1 |     7 |       ||     8
  Eat: Chunk             |     1 |     7 |     9 |     4 ||    21
       Ration            |       |       |       |     1 ||     1
Armor: Scale mail        |    13 |       |       |       ||    13
       Chain mail        |    26 |    58 |   103 |    35 ||   222
Dodge: Dodged            |    27 |    28 |    43 |    19 ||   117
Block: Shield            |    50 |    64 |   107 |    60 ||   281
       Rpst.: Long sword |     9 |    10 |    11 |     5 ||    35

Table legend:
 A = Non-vault XP
 B = Vault XP
 C = Vault XP percentage of total XP
 D = Non-vault monster count
 E = Vault monster count
 F = Vault count percentage of total count
                 A         B        C        D         E       F
            +---------+---------+-------+---------+---------+-------
      Total |    3480 |    6394 |  64.8 |     127 |      83 |  39.5
            +---------+---------+-------+---------+---------+-------
        D:1 |      26 |       6 |  18.8 |      14 |       4 |  22.2
        D:2 |      73 |     183 |  71.5 |      20 |      18 |  47.4
        D:3 |     257 |      35 |  12.0 |      23 |       1 |   4.2
        D:4 |    1083 |       0 |   0.0 |      29 |       0 |   0.0
        D:5 |     360 |       0 |   0.0 |       9 |       0 |   0.0
        D:6 |     676 |     157 |  18.8 |      11 |       1 |   8.3
        D:7 |    1005 |     122 |  10.8 |      21 |       1 |   4.5
    Ossuary |       0 |     118 | 100.0 |       0 |      48 | 100.0
     Bailey |       0 |    5773 | 100.0 |       0 |      10 | 100.0
            +---------+---------+-------+---------+---------+-------
